 Dungeon Crawl Stone Soup version 0.31-a0-986-g5e6e4ef867 (webtiles) character file.

Game seed: 17618832054689408562

114 Curundu the Trooper (level 4, 0/41 HPs)
             Began as a Draconian Berserker on Nov 17, 2023.
             Was a Believer of Trog.
             Slain by an orc priest
             ... wielding a +0 club
              (2 damage)
             ... on level 3 of the Dungeon.
             The game lasted 00:13:00 (2220 turns).

Curundu the Trooper (Draconian Berserker)           Turns: 2220, Time: 00:13:03

Health: 0/41       AC:  6    Str: 20    XL:     4   Next: 67%
Magic:  4/4        EV: 13    Int:  7    God:    Trog [**....]
Gold:   126        SH:  0    Dex: 12    Spells: 3/3 levels left

rFire   . . .        a - +0 hand axe
rCold   . . .        (no shield)
rNeg    . . .        (body armour unavailable)
rPois   .            (helmet restricted)
rElec   .            (no cloak)
rCorr   .            (no gloves)
SInv    .            h - +0 pair of boots
Will    .....        (no amulet)
Stlth   +            (no ring)
HPRegen 0.26/turn    (no ring)
MPRegen 0.09/turn

%: no passive effects
@: no status effects
A: AC +5, unfitting armour, cold-blooded
a: Renounce Religion, Berserk, Trog's Hand


You were on level 3 of the Dungeon.
You worshipped Trog.
Trog was pleased with you.
You visited 1 branch of the dungeon, and saw 3 of its levels.

You collected 126 gold pieces.

Inventory:

Hand Weapons
 a - a +0 hand axe (weapon)
Missiles
 c - 8 poisoned darts
 d - 4 large rocks
 f - 39 stones
 q - 5 boomerangs (quivered)
Armour
 h - a +0 pair of boots (worn)
Magical Staves
 i - a staff of air
Scrolls
 b - a scroll of fog {unknown}
 g - 3 scrolls of identify {unknown}
 o - a scroll of immolation {unknown}
 p - 2 scrolls of teleportation {unknown}
Potions
 e - a potion of might {unknown}
 j - 2 potions of curing {unknown}
 k - a potion of brilliance {unknown}
 l - a potion of haste {unknown}
 m - a potion of attraction {unknown}
 n - a potion of ambrosia {unknown}


   Skills:
 + Level 4.3 Fighting
 + Level 4.0 Axes
 + Level 0.2 Throwing
 + Level 3.5 Dodging
 + Level 0.1 Stealth


You had 3 spell levels left.
You didn't know any spells.
Your spell library was empty.

Dungeon Overview and Level Annotations

Branches:
Dungeon (3/15)

Altars:


Innate Abilities, Weirdness & Mutations

Your plain brown scales are hard. (AC +5)
You cannot fit into any form of body armour.
You are cold-blooded and may be slowed by cold attacks.


Message History

The adder completely misses you. The adder bites you.
You barely miss the adder.
The adder is heavily wounded.
The adder barely misses you.
You hit the adder but do no damage.
Your tail-slap misses the adder.
The adder is heavily wounded.
The adder closely misses you.
An orc priest comes into view. It is wielding a +0 dagger.
The orc priest miscasts a cantrip.
The orc priest shouts!
You hit the adder.
You kill the adder!
Trog accepts your kill.
You hit the orc. You tail-slap the orc.
You kill the orc!
Trog accepts your kill.
You barely miss the orc priest.
You tail-slap the orc priest, but do no damage.
The orc priest hits you with a +0 club.
You closely miss the orc priest. The orc priest completely misses you.
You hit the orc priest.
You tail-slap the orc priest, but do no damage.
The orc priest is heavily wounded.
The orc priest closely misses you.
You barely miss the orc priest. You tail-slap the orc priest.
The orc priest is heavily wounded.
The orc priest calls down the wrath of Beogh upon you.
Beogh smites you!
You closely miss the orc priest.
You tail-slap the orc priest, but do no damage.
The orc priest is heavily wounded.
The orc priest hits you but does no damage.
You hit the orc priest but do no damage.
Your tail-slap misses the orc priest.
The orc priest is heavily wounded.
The orc priest invokes the aid of Beogh against you.
Beogh smites you!
* * * LOW HITPOINT WARNING * * *
The orc priest hits you with a +0 club.
You die...

#.........#...#......>.)..
#...##.##.........>###....
####..###.#...#....##.###....
#.........<......#.......#....
.##..##.........#####........####
...............o.# ####..#..###
..# ##.........o# ##..#...# ..#
##........#o# #..##.<# .#
##.........#@# #..###.#
#####..........### ####...####
......########## #......#####
...#..###### #........^8^
##.........###########......#####
####....##..)...............###..
......#......................÷...
######################......###÷.
#.....># #..


You could see an orc priest and 2 orcs.

Vanquished Creatures
  3 adders
  A worm (D:2)
  4 orcs
  7 ball pythons
  6 endoplasms
  3 giant cockroaches
  6 goblins
  4 hobgoblins
  11 jackals
  7 kobolds
  7 quokkas
  A bat (D:1)
  4 frilled lizards
  5 rats
69 creatures vanquished.

Notes
Turn   | Place    | Note
-------+----------+-------------------------------------------
     0 | D:1      | Curundu the Draconian Berserker began the quest for the
                  | Orb.
     0 | D:1      | Reached XP level 1. HP: 19/19 MP: 1/1
   134 | D:1      | Reached XP level 2. HP: 15/26 MP: 2/2
   414 | D:1      | Reached ** piety under Trog
   435 | D:1      | Reached XP level 3. HP: 33/33 MP: 3/3
  1139 | D:2      | Reached XP level 4. HP: 40/40 MP: 4/4
  2220 | D:3      | HP: 2/41 [orc priest/divine providence (13)]
  2220 | D:3      | Slain by an orc priest

Illustrated notes

Levels and vault maps discovered:
D:1:      minmay_arrival_open_corners, layout_rooms
D:2:      layout_basic, chequers_garden, minmay_cupped
D:3:      layout_rooms, hangedman_decor_clover_reticule,
          ebering_dispersal_statue_hall, kennysheep_generic_room_11

Skill      XL: |  1  2  3  4 |
---------------+-------------+-----
Dodging        | 3 |  3.5
Fighting       | 4 |  4.3
Axes           | 4 |  4.0
Throwing       | |  0.2
Stealth        | |  0.1

Action                     |  1- 3 |  4- 6 || total
---------------------------+-------+-------++-------
  Melee: Hand axe          |   102 |    56 ||   158
         Tailslap          |    13 |    11 ||    24
  Throw: Stone             |    10 |       ||    10
   Stab: Sleeping          |       |     1 ||     1
 Armour: Skin              |    73 |    42 ||   115
  Dodge: Dodged            |   103 |    60 ||   163

Table legend: (Time is in decaauts)
 A = Elapsed time spent in this place.
 B = Non-inter-level travel time spent in this place.
 C = Inter-level travel time spent in this place.
 D = Time resting spent in this place.
 E = Time spent auto-exploring this place.
 F = Levels seen in this place.
 G = Mean time per level.
                   A        B        C        D        E       F      G
               +--------+--------+--------+--------+--------+-----+--------+
         Total |   2242 |   2242 |      0 |    117 |      0 |   3 |  747.3 |
       Dungeon |   2242 |   2242 |      0 |    117 |      0 |   3 |  747.3 |
               +--------+--------+--------+--------+--------+-----+--------+

Top non-repeatable levels by time:
     D:2: 1286 daAuts
     D:1: 580 daAuts
     D:3: 374 daAuts
